 Dungeon Crawl Stone Soup version 0.26-a0-658-gbdda728c12 (webtiles) character file.

Game seed: 17444741884707367186

211813 reriks the Tortoise (level 18, -14/171 HPs)
             Began as a Gargoyle Fighter on Oct 4, 2020.
             Was a High Priest of Qazlal.
             Demolished by a peacekeeper (16 damage)
             ... in the Desolation of Salt.
             The game lasted 01:23:18 (45745 turns).

reriks the Tortoise (Gargoyle Fighter)             Turns: 45745, Time: 01:23:19

Health: -14/171    AC: 67    Str: 28    XL:     18   Next: 90%
Magic:  20/29      EV: 11    Int:  5    God:    Qazlal [*****.]
Gold:   383        SH:  0    Dex:  9    Spells: 17/17 levels left

rFire    + . .     SeeInvis +   P - +3 war axe (vorpal)
rCold    . . .     Faith    .   c - +0 kite shield
rNeg     + + .     Spirit   .   R - +7 crystal plate armour
rPois    ∞         Reflect  +   U - +1 hat
rElec    +         Harm     .   y - +1 cloak (curse)
rCorr    .         Rampage  .   e - +2 pair of gloves
MR       +....                  s - +0 pair of boots
Stlth    ..........             V - amulet "Ixuypreo" {Reflect rF+ rN+ Int-4 SH+5}
HPRegen  0.38/turn              x - ring of Robustness {AC+8}
MPRegen  0.21/turn              k - ring of see invisible

@: confused, mighty, berserking (expiring), protected from physical damage,
flying, very slightly contaminated, slowed, invisible, repel missiles
A: big wings, slimy green scales 1, negative energy resistance 1, screaming 1,
electricity resistance, wild magic 1, unbreathing, evolution 1, petrification
resistance, rot immunity, AC +13
}: 1/15 runes: gossamer
a: Stop Flying, Upheaval, Elemental Force, Disaster Area, Renounce Religion


You were in the Desolation of Salt.
You worshipped Qazlal.
Qazlal was extremely pleased with you.
You visited 6 branches of the dungeon, and saw 29 of its levels.
You also visited: Desolation.

You collected 2497 gold pieces.
You spent 2114 gold pieces at shops.

Inventory:

Hand Weapons
 u - the cursed +2 war axe of Vaidi {antimagic, +Rage Str+4}
   (You bought it in a shop on level 2 of the Orcish Mines)

   It reduces the magical energy of the wielder, and disrupts the spells and
   magical abilities of those hit.
   Natural abilities and divine invocations are not affected.
   It affects your strength (+4).
   It lets you go berserk.
   It has a curse placed upon it.
 E - a +2 war axe of freezing
 P - a +3 vorpal war axe (weapon)
 Z - a +3 war axe
Missiles
 W - 7 javelins
 X - 4 boomerangs (quivered)
 Y - 2 silver boomerangs
Armour
 c - a +0 kite shield (worn)
 e - a +2 pair of gloves (worn)
 s - a +0 pair of boots (worn)
 y - a cursed +1 cloak (worn)
 A - a +0 plate armour
 D - a +3 ring mail of fire resistance
 R - a +7 crystal plate armour (worn)
 U - a +1 hat (worn)
Jewellery
 b - a +6 ring of dexterity
 k - a ring of see invisible (right hand)
 o - an uncursed ring of positive energy
 x - the ring of Robustness (left hand) {AC+8}
   (You bought it in a shop on level 9 of the Dungeon)

   [ring of protection]

   It affects your AC (+8).
 F - a +4 ring of evasion
 J - an uncursed ring of wizardry
 N - an uncursed ring of fire {unknown}
 O - an uncursed amulet of the acrobat
 Q - an uncursed ring of protection from cold
 V - the amulet "Ixuypreo" (around neck) {Reflect rF+ rN+ Int-4 SH+5}
   (You acquired it on level 1 of the Vaults)

   [amulet of reflection]

   It shields you and reflects attacks.
   It affects your intelligence (-4).
   It protects you from fire.
   It protects you from negative energy.
   It affects your SH (+5).
Wands
 a - a wand of acid (9)
 B - a wand of polymorph (7)
Scrolls
 i - 21 scrolls of remove curse
 j - 4 scrolls of fear
 m - 3 scrolls of fog
 v - 5 scrolls of magic mapping
 z - 6 scrolls of amnesia
 C - 3 scrolls of enchant weapon
 G - 8 scrolls of teleportation
 L - a scroll of silence
 S - 8 scrolls of identify
 T - a scroll of holy word
Potions
 d - a potion of might
 f - 2 potions of haste
 g - 3 potions of resistance
 h - 7 potions of stabbing
 l - 16 potions of curing
 q - 2 potions of berserk rage
 r - a potion of ambrosia {unknown}
 t - 2 potions of invisibility
 H - 2 potions of magic
 I - 4 potions of degeneration
 M - a potion of brilliance


   Skills:
 + Level 13.2 Fighting
 + Level 11.3 Axes
 + Level 12.7 Throwing
 + Level 17.2 Armour
 * Level 14.1 Dodging
 + Level 16.5 Shields
 * Level 15.4 Invocations


You had 17 spell levels left.
You didn't know any spells.
Your spell library contained the following spells:

 Spells                   Type           Power        Failure   Level
 Animate Skeleton         Necr           #.....       100%        1
 Apportation              Tloc           #.....       100%        1
 Beastly Appendage        Tmut           #.....       100%        1
 Corona                   Hex            #......      100%        1
 Foxfire                  Conj/Fire      #...         100%        1
 Freeze                   Ice            #...         100%        1
 Shock                    Conj/Air       #...         100%        1
 Sting                    Tmut/Pois      #...         100%        1
 Summon Small Mammal      Summ           #...         100%        1
 Call Imp                 Summ           #.......     100%        2
 Ensorcelled Hibernation  Hex/Ice        #.....       100%        2
 Poisonous Vapours        Pois/Air       #.....       100%        2
 Swiftness                Air            #.......     100%        2
 Wereblood                Tmut           #.......     100%        2
 Call Canine Familiar     Summ           #.......     100%        3
 Confusing Touch          Hex            #.......     100%        3
 Conjure Flame            Conj/Fire      #.......     100%        3
 Frozen Ramparts          Ice            #.....       100%        3
 Gell's Gravitas          Tloc           #.........   100%        3
 Ignite Poison            Fire/Tmut/Pois #.......     100%        3
 Inner Flame              Hex/Fire       #.......     100%        3
 Mephitic Cloud           Conj/Pois/Air  #.......     100%        3
 Ozocubu's Armour         Ice            #.......     100%        3
 Spider Form              Tmut/Pois      #.........   100%        3
 Static Discharge         Conj/Air       #.......     100%        3
 Summon Guardian Golem    Hex/Summ       #.......     100%        3
 Airstrike                Air            #.........   100%        4
 Animate Dead             Necr           #.........   100%        4
 Cause Fear               Hex            #.........   100%        4
 Hailstorm                Conj/Ice       #.......     100%        4
 Ice Form                 Ice/Tmut       #.......     100%        4
 Olgreb's Toxic Radiance  Pois           #.......     100%        4
 Petrify                  Tmut/Erth      #.......     100%        4
 Sticky Flame             Conj/Fire      #.......     100%        4
 Summon Ice Beast         Ice/Summ       #.......     100%        4
 Summon Lightning Spire   Summ/Air       #.......     100%        4
 Blade Hands              Tmut           #.........   100%        5
 Bolt of Magma            Conj/Fire/Erth #.........   100%        5
 Borgnjor's Vile Clutch   Necr/Erth      #.........   100%        5
 Fireball                 Conj/Fire      #.........   100%        5
 Iskenderun's Battlesphe  Conj           #.......     100%        5
 Lightning Bolt           Conj/Air       #.........   100%        5
 Metabolic Englaciation   Hex/Ice        #.........   100%        5
 Silence                  Hex/Air        #.........   100%        5
 Yara's Violent Unravell  Hex/Tmut       #.........   100%        5
 Freezing Cloud           Conj/Ice/Air   #.........   100%        6
 Iron Shot                Conj/Erth      #.........   100%        6
 Ozocubu's Refrigeration  Ice            #.........   100%        6
 Shadow Creatures         Summ           N/A          100%        6
 Simulacrum               Ice/Necr       #.........   100%        6
 Starburst                Conj/Fire      #.........   100%        6
 Orb of Destruction       Conj           #.........   100%        7
 Spellforged Servitor     Conj/Summ      #.........   100%        7
 Discord                  Hex            #.........   100%        8
 Ignition                 Fire           #.........   100%        8


Dungeon Overview and Level Annotations

Branches:
Dungeon (15/15)            Temple (0/1) D:5            Lair (6/6) D:8
 Shoals (1/4) Lair:3       Spider (4/4) Lair:4        Slime (0/5) Lair:6
    Orc (2/2) D:10            Elf (0/3) Orc:2        Vaults (1/5) D:14
Desolation (1/1)
 Depths: D:15

Altars:
Ashenzari
Cheibriados
Dithmenos
Elyvilon
Fedhas
Makhleb
Qazlal
Sif Muna
Uskayaw
Vehumet
Wu Jian
Zin
Beogh
Jiyva

Shops:
D:4 :   D:9 =   D:13 ?(   Orc:2 =:(*

Annotations:
D:5 Prince Ribbit
D:13 1 runed translucent door, Ehekkof's ghost, journeyman HOFi


Innate Abilities, Weirdness & Mutations

You are resistant to torment.
Your stone body is resilient. (AC +13)
You are immune to poison.
Your large and strong wings let you fly indefinitely.
You resist negative energy. (rN+)
You are resistant to electric shocks. (rElec)
You can survive without breathing.
You are immune to petrification.
You are immune to rotting.
You are partially covered in slimy green scales. (AC +2)
You occasionally shout uncontrollably at your foes.
Your spells are a little harder to cast, but a little more powerful.
You evolve.


Message History

The saltling is engulfed in blazing flames.
The saltling hits you but does no damage.
The servant of whispers barely misses you.
The crystal guardian hits you!
* * * LOW HITPOINT WARNING * * *
The peacekeeper bites you but does no damage.
The peacekeeper closely misses you. The saltling completely misses you.
Unknown command.
You are too berserk!
You slash the peacekeeper!
The peacekeeper is almost destroyed.
You hit the peacekeeper.
You hit the crystal guardian but do no damage.
You slash the saltling! You barely miss the peacekeeper.
You closely miss the saltling. You slash the saltling!
The crystal guardian no longer looks unusually strong.
The peacekeeper completely misses you.
The peacekeeper claws you but does no damage.
The peacekeeper bites you!
You die...

.#............≈...
........................
.................8≈......
.................88p8.#...
..................p.8.....
................∩.∩.8.)...
......°.)°.......).8.....
.##.....888p..............
.......88@8.).............
........88°....†..[†≈.....
........pS§p..............
..§.....§§§....#...)......
..§....§§§§...............
..§..§§§§§§§§§.....
..§§§#§....§§§.....
..§§§§§§...........
...................


You could see 3 servants of whispers, 2 crystal guardians, 3 peacekeepers, a
guardian serpent and 3 saltlings.

Vanquished Creatures
  Rupert (D:13)
  A lich (D:14)
  Asterion (Spider:1)
  12 emperor scorpions
  2 imperial myrmidons (Desolation)
  4 ghost moths
  5 entropy weavers
  2 stone giants (Orc:1)
  6 dire elephants (Lair:6)
  3 spark wasps
  A fire dragon (Vaults:1)
  5 yaktaur captains (Vaults:1)
  4 ragged hierophants
  4 hydras
  A peacekeeper (Desolation)
  6 boulder beetles
  3 servants of whispers (Desolation)
  Erica (D:11)
  An anaconda (Lair:6)
  2 centaur warriors (D:14)
  3 ogre magi
  14 two-headed ogres
  3 death yaks (Lair:6)
  2 tengu warriors
  A spriggan berserker (D:15)
  A deep elf knight (Vaults:1)
  8 skeletal warriors
  2 deep trolls (Orc:2)
  2 unseen horrors
  5 orc knights
  An obsidian statue (Spider:1)
  2 ironbrand convokers (Vaults:1)
  22 orb spiders
  5 orc sorcerers
  41 wolf spiders
  2 deep elf magi
  2 manticores
  3 cyclopes
  3 gargoyles
  14 elephants
  2 vault sentinels (Vaults:1)
  4 black mambas (Lair:5)
  3 guardian serpents (Desolation)
  17 cane toads
  3 kobold demonologists
  Psyche (D:9)
  An efreet (D:13)
  7 komodo dragons
  13 demonic crawlers
  A freezing wraith (D:14)
  7 yaktaurs (Vaults:1)
  2 tengu conjurers
  40 jumping spiders
  A polar bear (Lair:6)
  3 meliai (Spider:3)
  25 hornets
  14 trolls
  4 dream sheep
  Grinder (D:5)
  9 blink frogs
  9 slime creatures
  33 saltlings
  107 redbacks
  A vampire (D:9)
  A tarantella (shapeshifter) (Vaults:1)
  5 wraiths
  32 yaks
  38 tarantellas
  5 wyverns
  15 humans
  3 basilisks
  A warg (Orc:1)
  An acid dragon (D:13)
  19 water moccasins
  3 ice beasts
  6 black bears
  An eye of draining (D:9)
  19 orc warriors
  6 sky beasts
  A hornet zombie (D:8)
  4 necrophages
  5 phantoms
  12 wolves
  35 ogres
  9 centaurs
  2 big kobolds
  22 bullfrogs
  An ogre simulacrum (Vaults:1)
  A wyvern zombie (D:11)
  9 scorpions
  9 killer bees
  19 wights
  2 electric eels (Lair:1)
  3 howler monkeys
  2 bullfrog zombies
  3 centaur zombies
  5 hounds
  A gnoll shaman (D:8)
  3 jellies
  13 orc priests
  5 centaur skeletons
  15 orc wizards
  3 bullfrog skeletons
  7 iguanas
  7 hell rats (Lair:4)
  10 worker ants
  A killer bee zombie (D:8)
  A hound skeleton (D:4)
  3 mummies (D:7)
  A howler monkey zombie (D:5)
  6 worker ant zombies
  11 adders
  14 gnolls
  A howler monkey skeleton (D:4)
  A shadow imp (D:7)
  5 white imps
  3 ufetubi
  2 oozes
  An adder zombie (D:9)
  An adder skeleton (D:9)
  5 worms
  3 dart slugs
  3 leopard geckos
  94 orcs
  12 bats
  8 giant cockroaches
  5 goblins
  4 hobgoblins
  7 jackals
  10 kobolds
  A quokka (D:12)
  3 ball pythons
  7 frilled lizards
  A quokka skeleton (D:9)
  9 rats
  6 bushes (D:8)
1101 creatures vanquished.

Vanquished Creatures (collateral kills)
  Arachne (Spider:4)
  A spark wasp (Spider:4)
  A redback (Spider:4)
3 creatures vanquished.

Vanquished Creatures (others)
  A wolf spider (Spider:4)
  A tarantella (Spider:1)
  A human (D:14)
  55 fungi
  58 plants
  16 withered plants
132 creatures vanquished.

Grand Total: 1236 creatures vanquished

Notes
Turn   | Place    | Note
-------+----------+-------------------------------------------
     0 | D:1      | reriks the Gargoyle Fighter began the quest for the Orb.
     0 | D:1      | Reached XP level 1. HP: 14/14 MP: 1/1
     6 | D:1      | Noticed an iguana
     6 | D:1      | Noticed a tyrant leech
     6 | D:1      | Noticed a queen ant
     7 | D:1      | Noticed a fire giant
   111 | D:1      | Reached XP level 2. HP: 19/19 MP: 2/2
   570 | D:1      | Reached XP level 3. HP: 23/23 MP: 3/3
  1237 | D:2      | Found a snail-covered altar of Cheibriados.
  1342 | D:2      | Reached XP level 4. HP: 29/29 MP: 4/4
  1629 | D:3      | Reached skill level 1 in Dodging
  1953 | D:3      | Reached skill level 4 in Armour
  2126 | D:3      | Found a stormy altar of Qazlal.
  2134 | D:3      | Became a worshipper of Qazlal Stormbringer
  2234 | D:3      | Reached XP level 5. HP: 33/33 MP: 5/5
  2699 | D:4      | Noticed an ogre
  2924 | D:4      | Reached skill level 1 in Invocations
  2924 | D:4      | Reached XP level 6. HP: 34/38 MP: 6/6
  3037 | D:4      | Found Axzud's Book Boutique.
  3092 | D:3      | Reached * piety under Qazlal
  3205 | D:4      | Found a glowing silver altar of Zin.
  3262 | D:4      | Found a shimmering blue altar of Sif Muna.
  3594 | D:4      | Found a broken altar of Ashenzari.
  3619 | D:4      | Reached XP level 7. HP: 29/44 MP: 8/8
  3887 | D:4      | Found an ornate altar of the Wu Jian Council.
  3895 | D:4      | Found a burning altar of Makhleb.
  3937 | D:5      | Entered Level 5 of the Dungeon
  4192 | D:5      | Got a shimmering leather armour
  4221 | D:5      | Identified the cursed +0 leather armour "Lisakoq" {Slay+4}
                  | (You found it on level 5 of the Dungeon)
  4407 | D:5      | Found a staircase to the Ecumenical Temple.
  4482 | D:5      | Noticed Grinder
  4493 | D:5      | Killed Grinder
  4493 | D:5      | Reached skill level 5 in Fighting
  4493 | D:5      | Reached skill level 5 in Armour
  4493 | D:5      | Reached skill level 5 in Shields
  4559 | D:5      | Reached XP level 8. HP: 49/49 MP: 10/10
  4843 | D:5      | Noticed Prince Ribbit
  5027 | D:5      | Found a shadowy altar of Dithmenos.
  6535 | D:6      | Reached skill level 6 in Armour
  6545 | D:6      | Found a hide-covered altar of Uskayaw.
  7062 | D:5      | Reached XP level 9. HP: 49/55 MP: 12/12
  7643 | D:7      | Reached skill level 5 in Axes
  7643 | D:7      | Reached skill level 5 in Invocations
  7644 | D:7      | Reached ** piety under Qazlal
  7724 | D:7      | Noticed a hornet
  7733 | D:7      | Killed a hornet
  8786 | D:8      | You fall into a shaft and drop 2 floors!
  8786 | D:10     | Entered Level 10 of the Dungeon
  8786 | D:10     | Found a staircase to the Orcish Mines.
  8805 | D:10     | Reached skill level 7 in Armour
  8855 | D:9      | Noticed Psyche
  8869 | D:10     | Reached XP level 10. HP: 54/61 MP: 14/14
  9364 | D:8      | Found a staircase to the Lair.
  9395 | D:8      | Reached skill level 5 in Dodging
  9418 | D:8      | Reached *** piety under Qazlal
  9467 | D:8      | Found a white marble altar of Elyvilon.
  9584 | D:8      | Found a radiant altar of Vehumet.
  9661 | D:8      | Noticed a boulder beetle
  9697 | D:8      | Killed a boulder beetle
 10377 | D:8      | Found a blossoming altar of Fedhas.
 10503 | D:8      | Reached skill level 8 in Armour
 10580 | D:8      | Gained mutation: You occasionally shout uncontrollably at
                  | your foes. [potion of mutation]
 10580 | D:8      | Gained mutation: You are dopey. (Int -2) [potion of
                  | mutation]
 10580 | D:8      | Gained mutation: You evolve. [potion of mutation]
 10660 | D:9      | Noticed a two-headed ogre
 10665 | D:9      | Noticed a tengu warrior
 10675 | D:9      | Killed a two-headed ogre
 10675 | D:9      | Reached XP level 11. HP: 41/68 MP: 16/16
 10852 | Lair:1   | Entered Level 1 of the Lair of Beasts
 12348 | Lair:2   | Reached skill level 9 in Armour
 12882 | Lair:2   | Gained mutation: Your large and strong wings let you fly
                  | indefinitely. [evolution]
 13137 | Lair:3   | Reached **** piety under Qazlal
 13154 | Lair:3   | Reached XP level 12. HP: 64/76 MP: 18/18
 13532 | Lair:3   | Identified 2 scrolls of acquirement
 13541 | Lair:3   | Acquired a manual of Shields
 13543 | Lair:3   | Acquired a manual of Throwing
 13679 | Lair:3   | Reached skill level 1 in Throwing
 13806 | Lair:3   | Found a staircase to the Shoals.
 14191 | Lair:4   | Reached ***** piety under Qazlal
 14191 | Lair:4   | Reached skill level 10 in Shields
 14479 | Lair:4   | Found a hole to the Spider Nest.
 14672 | Lair:4   | Acquired a manual of Armour
 14742 | Lair:4   | Gained mutation: You are partially covered in slimy green
                  | scales. (AC +2) [evolution]
 14814 | Lair:5   | Noticed an eight-headed hydra
 14921 | Lair:5   | Killed an eight-headed hydra
 14960 | Lair:5   | Reached skill level 10 in Armour
 15702 | Lair:6   | Entered Level 6 of the Lair of Beasts
 15705 | Lair:6   | Reached skill level 10 in Fighting
 15717 | Lair:6   | Reached XP level 13. HP: 82/82 MP: 20/20
 15775 | Lair:6   | Reached skill level 10 in Invocations
 15779 | Lair:6   | Reached skill level 5 in Throwing
 16103 | Lair:6   | Reached skill level 11 in Armour
 16808 | Lair:6   | Lost mutation: You are dopey. (Int -2) [evolution]
 17118 | Lair:6   | Found a viscous altar of Jiyva.
 17118 | Lair:6   | Found a staircase to the Slime Pits.
 18625 | D:9      | Acquired a manual of Dodging
 18766 | D:9      | Killed Psyche
 19001 | D:9      | Found Waczum's Jewellery Shoppe.
 19009 | D:9      | Bought an uncursed ring of see invisible for 195 gold
                  | pieces
 19405 | D:10     | Mutation became permanent: Your large and strong wings let
                  | you fly indefinitely. [Gargoyle growth]
 19405 | D:10     | Gained mutation: Your large and strong wings let you fly
                  | indefinitely. [Gargoyle growth]
 19405 | D:10     | Reached XP level 14. HP: 88/88 MP: 22/22
 19649 | D:10     | Found a roughly hewn altar of Beogh.
 19818 | D:10     | Reached ****** piety under Qazlal
 19827 | Orc:1    | Entered Level 1 of the Orcish Mines
 19833 | Orc:1    | Reached skill level 12 in Armour
 20080 | Orc:1    | Noticed a stone giant
 20081 | Orc:1    | Found a roughly hewn altar of Beogh.
 20090 | Orc:1    | Killed a stone giant
 20472 | Orc:1    | Noticed a stone giant
 20490 | Orc:1    | Killed a stone giant
 20883 | Orc:2    | Entered Level 2 of the Orcish Mines
 21161 | Orc:2    | Gained mutation: Your flesh is heat resistant. (rF+)
                  | [evolution]
 21204 | Orc:2    | Found a staircase to the Elven Halls.
 22270 | Orc:2    | Reached skill level 13 in Armour
 22604 | Orc:2    | Lost mutation: Your flesh is heat resistant. (rF+)
                  | [evolution]
 22743 | Orc:2    | Found Gusytet's Jewellery Shoppe.
 22746 | Orc:2    | Found Woduxibu's Antique Weapon Emporium.
 22749 | Orc:2    | Found Qouq's General Store.
 22758 | Orc:2    | Found Puveiro's Book Emporium.
 23061 | D:11     | Noticed Erica
 23073 | D:11     | Killed Erica
 24890 | D:12     | Reached XP level 15. HP: 95/95 MP: 24/24
 25930 | D:13     | Found Lessyts's Weapon Boutique.
 26368 | D:13     | Found Ucyimont's Magic Scroll Shoppe.
 26965 | D:13     | Found a runed translucent door.
 26966 | D:13     | Noticed Ehekkof's ghost (journeyman HOFi)
 27193 | D:13     | Reached skill level 10 in Dodging
 27498 | D:13     | Identified the +4 spear of the Unspeakable One {flame,
                  | Int+4}
 28158 | Lair:6   | Reached skill level 14 in Armour
 28801 | D:9      | Bought the ring of Robustness {AC+8} for 1664 gold pieces
 28801 | D:9      | Found the ring of Robustness {AC+8}
 29055 | Lair:6   | Reached skill level 10 in Throwing
 29253 | Spider:1 | Entered Level 1 of the Spider Nest
 29404 | Spider:1 | Noticed an emperor scorpion
 29697 | Lair:4   | Killed an emperor scorpion
 30127 | D:14     | Found a gate to the Vaults.
 30127 | D:14     | Noticed Rupert
 30335 | D:14     | Paralysed by Rupert for 6 turns
 30720 | D:13     | Killed Rupert
 31379 | D:15     | Entered Level 15 of the Dungeon
 31412 | D:15     | Reached skill level 15 in Shields
 31426 | D:15     | Reached XP level 16. HP: 90/101 MP: 25/25
 32286 | D:14     | Reached skill level 15 in Armour
 32439 | Shoals:1 | Entered Level 1 of the Shoals
 33859 | Spider:1 | Reached skill level 10 in Axes
 35045 | Spider:2 | Noticed Asterion
 35084 | Spider:1 | Killed Asterion
 36566 | Spider:1 | Reached skill level 16 in Armour
 37329 | Spider:2 | Reached XP level 17. HP: 78/106 MP: 27/27
 37660 | Spider:2 | Identified the Catalogue of Twisted Shape Shifting
 38361 | Orc:2    | Bought a bloodstained war axe for 255 gold pieces
 38361 | Orc:2    | Identified the cursed +2 war axe of Vaidi {antimagic, +Rage
                  | Str+4} (You bought it in a shop on level 2 of the Orcish
                  | Mines)
 40285 | Spider:3 | Gained mutation: Your spells are a little harder to cast,
                  | but a little more powerful. [evolution]
 40434 | Spider:4 | Entered Level 4 of the Spider Nest
 41867 | Spider:4 | Noticed Arachne
 41874 | Spider:4 | Killed Arachne
 42340 | Spider:3 | Reached XP level 18. HP: 102/113 MP: 28/28
 44534 | Spider:4 | Got a gossamer rune of Zot
 45105 | Vaults:1 | Entered Level 1 of the Vaults
 45106 | Vaults:1 | Acquired the amulet "Ixuypreo" {Reflect rF+ rN+ Int-4 SH+5}
 45118 | Vaults:1 | Acquired a +2 crystal plate armour
 45186 | Vaults:1 | Reached skill level 17 in Armour
 45210 | Vaults:1 | Reached skill level 15 in Invocations
 45217 | Vaults:1 | Noticed a lich
 45234 | Vaults:1 | Paralysed by a lich for 3 turns
 45245 | Vaults:1 | Paralysed by a lich for 2 turns
 45261 | D:14     | Killed a lich
 45506 | Vaults:1 | Identified the +7 long sword of Cheese {venom, MR+}
 45680 | Vaults:1 | Found a ruined gateway.
 45684 | Desolati | Entered the Desolation of Salt
 45723 | Desolati | HP: 5/114 [servant of whispers/+0 spear (4)]
 45725 | Desolati | HP: 2/114 [saltling (3)]
 45744 | Desolati | HP: 2/171 [crystal guardian (15)]
 45745 | Desolati | Demolished by a peacekeeper

Illustrated notes

Levels and vault maps discovered:
D:1:      onia_arrival_zoo_common, layout_basic, minmay_misc_feat_cross,
          minmay_pentomino_q4
D:2:      layout_loops_ring, cheibriados_altar_1, kennysheep_potato
D:3:      layout_basic, grunt_qazlal_sundering
D:4:      layout_cave_pools, marbit_many_paths, kennysheep_mini_moat,
          cheibrodos_ashenzari_chains, minitemple, serial_shops,
          nicolae_shop_stone, hangedman_abyss_or_decor_slice
D:5:      layout_loops_ring, nicolae_dithmenos_through_a_glass_darkly,
          minmay_temple_entry_trees, kennysheep_nondescript,
          kennysheep_generic_room_14, uniq_prince_ribbit1, uniq_grinder
D:6:      layout_cave_pools, basic_altar
D:7:      layout_loops_ring, serial_undead, serial_undead_f, serial_undead_e,
          serial_undead_e, serial_undead_e, serial_undead_b, serial_undead_d,
          minmay_misc_feat_roman, kennysheep_flooded_box, lemuel_old_faithful
D:8:      layout_loops_corners, lemuel_coloured_pillars_altar,
          kennysheep_little_box, due_lair_maze_entry_diamond,
          fedhas_altar_decomposition
D:9:      hangedman_cross_cluster, layout_basic, serial_shops, shop,
          patterned_corridor, uniq_psyche
D:10:     layout_roguey, david_orc_1_choice, special_room [special_room_orc],
          grunt_ogre_cave
D:11:     layout_stronghold, uniq_erica
D:12:     layout_rooms
D:13:     layout_basic, serial_shops, shop, nicolae_shop_window_shopping,
          ebering_ghost_inner_flame
D:14:     layout_rooms, david_vaults_3, nicolae_wwwww, grunt_decor_mini_mirrors
D:15:     gammafunk_depths_entry_grave, layout_basic, minmay_misc_feat_alley,
          minmay_guarded_unrand_wrath_of_trog
Lair:1:   layout_gridlike
Lair:2:   layout_regular_city, chequers_serial_rivers_small_3,
          grunt_megastairs_1
Lair:3:   layout_roguey, shoals_dummy_entry
Lair:4:   layout_long_grid, nicolae_spider_entry_non_spiders
Lair:5:   layout_cave_pods, infiniplex_staircase_pool_2, grunt_megastairs_2
Lair:6:   due_jungle_book, layout_regular_city, dpeg_slime_entry_enclosed_altar,
          chequers_serial_rivers_large_b
Shoals:1: layout_shoals, serial_shops, nicolae_shop_stone, uniq_roxanne
Spider:1: spider_temple_joshua, spiders_nest_hornet_nest
Spider:2: spiders_nest_scorpion_pit, guppyfry_spider_mini_2, uniq_asterion
Spider:3: layout_spider_delve
Spider:4: johnstein_spider_rune_arachne_lair
Orc:1:    layout_diamond_mine, basic_altar
Orc:2:    st_orc_open, layout_diamond_mine, nicolae_orc_lava_room
Vaults:1: nicolae_vaults_what_the_h, vaults_room_door_hall,
          hangedman_vaults_variations, vaults_dpeg_hooks, v_misc_31,
          nicolae_vaults_shelves_hall, v_misc_18, ontoclasm_vaults_fault,
          nicolae_vaults_network_square, nicolae_vaults_minivaults, v_misc_19,
          ontoclasm_vaults_twist, nicolae_vaults_circle_grid_b,
          layout_vaults_omnicross, serial_shops, shop,
          portal_desolation_entry_salt
Desolation

Skill      XL: |  1  2  3  4  5  6  7  8  9 10 11 12 13 14 15 16 17 18 |
---------------+-------------------------------------------------------+-----
Axes           | 2 3 4 5 6 7 8 9 10 11 | 11.3
Dodging        | 1 2 3 4 5 6 7 8 9 11 12 13 14 | 14.1
Armour         | 4 5 6 7 8 9 10 11 13 14 16 17 | 17.2
Shields        | 4 5 6 7 8 9 10 12 13 15 16 | 16.5
Fighting       | 4 5 6 8 9 10 11 12 13 | 13.2
Invocations    | 1 2 4 5 6 8 9 11 12 13 14 15 | 15.4
Throwing       | 4 6 9 10 11 12 | 12.7

Action                   |  1- 3 |  4- 6 |  7- 9 | 10-12 | 13-15 | 16-18 || total
-------------------------+-------+-------+-------+-------+-------+-------++-------
Melee: War axe           |   131 |   231 |   448 |   705 |  1489 |  1521 ||  4525
Throw: Boomerang         |       |       |       |       |     1 |   236 ||   237
       Javelin           |       |       |       |       |       |    33 ||    33
Invok: Disaster Area     |       |       |       |       |    10 |     9 ||    19
       Elemental Force   |       |       |       |       |       |     2 ||     2
       Upheaval          |       |       |       |       |       |     1 ||     1
 Abil: Fly               |       |       |       |       |       |     1 ||     1
Evoke: Wand              |       |       |       |     7 |    15 |     3 ||    25
  Use: Scroll            |       |     5 |    10 |    16 |     7 |    14 ||    52
       Potion            |       |     1 |     4 |     1 |     4 |    12 ||    22
 Stab: Held in net/web   |       |       |       |       |       |     1 ||     1
       Invisible         |       |       |       |       |       |     3 ||     3
Armor: Scale mail        |    87 |   121 |    55 |       |       |       ||   263
       Plate armour      |       |       |   218 |   307 |   554 |  1209 ||  2288
       Skin              |       |       |     8 |       |       |       ||     8
       Crystal plate arm |       |       |       |       |       |   206 ||   206
Dodge: Dodged            |    46 |    95 |   100 |   261 |   612 |  1244 ||  2358
       Repelled          |       |       |       |       |     7 |     4 ||    11
Block: Kite shield       |    72 |   147 |   301 |   556 |  1477 |  2507 ||  5060
       Reflection        |       |       |       |       |       |    15 ||    15

Table legend: (Time is in decaauts)
 A = Elapsed time spent in this place.
 B = Non-inter-level travel time spent in this place.
 C = Inter-level travel time spent in this place.
 D = Time resting spent in this place.
 E = Time spent auto-exploring this place.
 F = Levels seen in this place.
 G = Mean time per level.
                   A        B        C        D        E       F      G
               +--------+--------+--------+--------+--------+-----+--------+
         Total |  46455 |  42349 |   4106 |  18884 |  14699 |  30 | 1548.5 |
       Dungeon |  21747 |  19590 |   2157 |   7067 |   8432 |  15 | 1449.8 |
          Lair |   9408 |   8429 |    979 |   3234 |   3626 |   6 | 1568.0 |
        Shoals |      6 |      6 |      0 |      0 |      0 |   1 |    6.0 |
   Spider Nest |  11877 |  11209 |    668 |   6996 |   2026 |   4 | 2969.2 |
  Orcish Mines |   3000 |   2701 |    299 |   1537 |    611 |   2 | 1500.0 |
        Vaults |    346 |    346 |      0 |     50 |      0 |   1 |  346.0 |
    Desolation |     69 |     69 |      0 |      0 |      2 |   1 |   69.0 |
               +--------+--------+--------+--------+--------+-----+--------+

Top non-repeatable levels by time:
Spider:1: 4205 daAuts
Spider:3: 3375 daAuts
Spider:2: 2582 daAuts
  Lair:6: 2477 daAuts
     D:5: 2320 daAuts
    D:13: 2291 daAuts
   Orc:2: 2149 daAuts
     D:9: 2134 daAuts
     D:8: 1884 daAuts
  Lair:4: 1747 daAuts
Spider:4: 1714 daAuts
    D:11: 1617 daAuts
     D:7: 1583 daAuts
     D:3: 1479 daAuts
    D:10: 1456 daAuts
